 Dungeon Crawl Stone Soup version 0.30-a0-465-g8901f6c8b5 (webtiles) character file.

Game seed: 9969803299583427069

39 Bnni the Grave Robber (level 3, -1/25 (26) HPs)
             Began as a Demonspawn Necromancer on Dec 18, 2022.
             Slain by a necrophage (4 damage)
             ... on level 2 of the Dungeon.
             The game lasted 00:01:37 (1139 turns).

Bnni the Grave Robber (Demonspawn Necromancer)      Turns: 1139, Time: 00:01:38

HP:   -1/25 (26)    AC:  3    Str:  8    XL:     3   Next: 28%
MP:   6/6           EV: 12    Int: 18    God:
Gold: 52            SH:  0    Dex: 13    Spells: 2/6 levels left

rFire   . . .      SeeInvis .    i - +2 spear (venom)
rCold   . . .      Faith    .    (no shield)
rNeg    . . .      Spirit   .    a - +0 robe
rPois   .          Reflect  .    (no helmet)
rElec   .          Harm     .    (no cloak)
rCorr   .          Rampage  .    h - +0 pair of gloves
Will    .....                    (no boots)
Stlth   ++........               (no amulet)
HPRegen 0.24/turn                (no ring)
MPRegen 0.10/turn                (no ring)

@: lethally poisoned (-1 -> -4), lightly drained
A: powered by pain 1, demonic touch 1
a: no special abilities


You were on level 2 of the Dungeon.
You visited 1 branch of the dungeon, and saw 2 of its levels.

You collected 52 gold pieces.

Inventory:

Hand Weapons
 i - a +2 spear of venom (weapon)
Armour
 a - a +0 robe (worn)
 h - a +0 pair of gloves (worn)
Scrolls
 e - a scroll of poison {unknown}
 f - a scroll of blinking {unknown}
 g - 2 scrolls of amnesia {unknown}
Potions
 b - a potion of magic
 c - a potion of heal wounds {unknown}
 d - a potion of lignification {unknown}


   Skills:
 + Level 1.2 Fighting
 - Level 1.7 Dodging
 - Level 1.7 Stealth
 + Level 2.4 Spellcasting
 * Level 5.1 Necromancy


You had 2 spell levels left.
You knew the following spells:

 Your Spells              Type           Power      Damage    Failure   Level
a - Necrotise             Necr           80%        1d8       2%          1
b - Vampiric Draining     Necr           20%        2d7       6%          3

Your spell library contained the following spells:

 Spells                   Type           Power      Damage    Failure   Level
 Animate Dead             Necr           20%        N/A       22%         4
 Agony                    Necr           20%        N/A       52%         5


Dungeon Overview and Level Annotations

Branches:
Dungeon (2/15)

Altars:


Innate Abilities, Weirdness & Mutations

You sometimes gain a little power by taking damage.
Your touch may inflict minor irresistible damage on your foes.


Message History

You completely miss the bat. The bat closely misses you.
A jackal and an adder come into view.
Found a dagger.
Found a stone staircase leading up.
The adder hisses angrily.
You hear a shout!
A kobold comes into view. It is wielding a +0 dagger.
The bat hits you but does no damage. The bat misses you.
The necrophage attacks as you move away!
The necrophage hits you.
You feel drained. The bat attacks as you move away! The bat barely misses you.
The bat closely misses you. The bat misses you.
The bat hits you but does no damage.
You barely miss the bat. The bat closely misses you.
You hit the necrophage.
You touch the necrophage!
The necrophage is heavily damaged.
The necrophage hits you but does no damage.
The adder bites you.
You are poisoned.
The adder poisons you!
You hit the necrophage.
The necrophage is heavily damaged.
You feel sick. The adder bites you.
You are more poisoned.
The adder poisons you! The necrophage completely misses you.
A jackal comes into view.
The adder barely misses you.
You feel sick. The necrophage closely misses you.
The jackal barks!
You hit the adder.
The adder is poisoned.
Your touch misses the adder.
The adder is heavily wounded.
You feel sick. The necrophage hits you.
An endoplasm comes into view.
The adder closely misses you.
The endoplasm quivers.
You hit the adder.
The adder is almost dead.
You feel sick.
You kill the adder!
The bat hits you but does no damage. The necrophage hits you.
* * * LOW HITPOINT WARNING * * *
The necrophage hits you.
You die...

#.# ..# #####.##...#
#....†.....##
######............
#####.........J.......
##.....####.Kh.......#.
##......<###..........#
#.........#nh.........#
#....(....@b#####.#.....
#.........### .##.###
#......>..# .# .#
#.........# .# #
#.........# #.........#
#.........# .......


You could see a necrophage, an endoplasm, 2 jackals, a bat and a kobold.

Vanquished Creatures
  An adder (D:2)
  A gnoll (D:1)
  2 ball pythons (D:1)
  3 endoplasms (D:1)
  A giant cockroach (D:1)
  A goblin (D:1)
  6 hobgoblins
  2 kobolds (D:1)
  A quokka (D:1)
  2 bats
  2 frilled lizards (D:1)
  5 rats (D:1)
27 creatures vanquished.

Vanquished Creatures (collateral kills)
  A giant cockroach (D:1)
1 creature vanquished.

Grand Total: 28 creatures vanquished

Notes
Turn   | Place    | Note
-------+----------+-------------------------------------------
     0 | D:1      | Bnni the Demonspawn Necromancer began the quest for the
                  | Orb.
     0 | D:1      | Reached XP level 1. HP: 13/13 MP: 3/3
   408 | D:1      | Gained mutation: You sometimes gain a little power by
                  | taking damage. [demonic ancestry]
   408 | D:1      | Reached XP level 2. HP: 20/20 MP: 1/5
   703 | D:1      | Reached skill level 1 in Fighting
   844 | D:1      | Reached skill level 5 in Necromancy
   844 | D:1      | Gained mutation: Your touch may inflict minor irresistible
                  | damage on your foes. [demonic ancestry]
   844 | D:1      | Reached XP level 3. HP: 26/26 MP: 2/6
   848 | D:1      | Learned a level 3 spell: Vampiric Draining
  1122 | D:2      | Noticed a necrophage
  1139 | D:2      | Slain by a necrophage

Illustrated notes

Levels and vault maps discovered:
D:1:      nicolae_arrival_somewhat_less_tricky_arrival, layout_loops_ring
D:2:      layout_rooms, shapermc_ecumenical_altar_venn, uniq_terence,
          uniq_sigmund

Skill      XL: |  1  2 |
---------------+-------+-----
Fighting       | 1 |  1.2
Necromancy     | 5 |  5.1
Dodging        | |  1.7
Stealth        | |  1.7
Spellcasting   | |  2.4

Action                   || total
-------------------------++-------
Melee: Spear             ||    63
       Unarmed           ||     5
       Touch             ||     6
 Cast: Necrotise         ||    19
 Stab: Sleeping          ||     4
Armor: Robe              ||    13
Dodge: Dodged            ||    52

Table legend: (Time is in decaauts)
 A = Elapsed time spent in this place.
 B = Non-inter-level travel time spent in this place.
 C = Inter-level travel time spent in this place.
 D = Time resting spent in this place.
 E = Time spent auto-exploring this place.
 F = Levels seen in this place.
 G = Mean time per level.
                   A        B        C        D        E       F      G
               +--------+--------+--------+--------+--------+-----+--------+
         Total |   1144 |   1105 |     39 |     28 |    874 |   2 |  572.0 |
       Dungeon |   1144 |   1105 |     39 |     28 |    874 |   2 |  572.0 |
               +--------+--------+--------+--------+--------+-----+--------+

Top non-repeatable levels by time:
     D:1: 1093 daAuts
     D:2: 50 daAuts
